 Dungeon Crawl Stone Soup version 0.28.0-45-g0d030f2227 (webtiles) character file.

Game seed: 12246858147080456596

1332 NinjaNoafa the Slasher (level 8, -5/67 HPs)
             Began as a Pale Draconian Berserker on Apr 2, 2022.
             Was a Priest of Trog.
             Slain by a gnoll
             ... wielding a +0 spear of venom
              (6 damage)
             ... on level 6 of the Dungeon.
             The game lasted 00:20:54 (5038 turns).

NinjaNoafa the Slasher (Pale Draconian Berserker)   Turns: 5038, Time: 00:20:58

Health: -5/67      AC:  8    Str: 22      XL:     8   Next: 34%
Magic:  5/8        EV: 13    Int:  6 (7)  God:    Trog [***...]
Gold:   199        SH:  4    Dex: 13      Spells: 7/7 levels left

rFire   . . .      SeeInvis .   p - +9 dagger of Fortitude {vorpal, rElec Dex+2}
rCold   . . .      Faith    .   k - +0 buckler
rNeg    . . .      Spirit   .   (armour unavailable)
rPois   .          Reflect  .   t - +1 hat
rElec   +          Harm     .   (no cloak)
rCorr   .          Rampage  .   u - +0 pair of gloves
Will    ++...                   (no boots)
Stlth   +++.......              g - amulet of the acrobat
HPRegen 1.21/turn               (no ring)
MPRegen 0.11/turn               (no ring)

@: strong-willed, regenerating
A: breathe steam, AC +6, unfitting armour, cold-blooded, steam resistance,
deterioration 1, MP-powered wands
a: Breathe Steam, Renounce Religion, Berserk, Trog's Hand


You were on level 6 of the Dungeon.
You worshipped Trog.
Trog was most pleased with you.
You visited 1 branch of the dungeon, and saw 6 of its levels.

You collected 199 gold pieces.

Inventory:

Hand Weapons
 a - a +0 falchion
 p - the +9 dagger of Fortitude (weapon) {vorpal, rElec Dex+2}
   (You found it on level 4 of the Dungeon)

   It inflicts extra damage upon your enemies.
   Dex:       It affects your dexterity (+2).
   rElec:     It insulates you from electricity.
Missiles
 j - 5 curare-tipped darts (quivered)
 o - 5 poisoned darts
 q - 158 stones
 s - 5 boomerangs
Armour
 k - a +0 buckler (worn)
 t - a +1 hat (worn)
 u - a +0 pair of gloves (worn)
Jewellery
 g - an amulet of the acrobat (around neck)
Wands
 r - a wand of polymorph (5)
Scrolls
 b - 2 scrolls of teleportation
 d - a scroll of silence {unknown}
 e - 4 scrolls of identify {unknown}
 f - a scroll of amnesia {unknown}
 l - a scroll of vulnerability {unknown}
 m - a scroll of fear {unknown}
 n - a scroll of blinking {unknown}
Potions
 h - a potion of ambrosia
 i - a potion of lignification


   Skills:
 - Level 4.5 Fighting
 * Level 4.2(5.4) Short Blades
 - Level 5.1(5.9) Long Blades
 - Level 2.0 Throwing
 * Level 4.8 Dodging
 + Level 4.1 Stealth
 + Level 2.2 Shields
 - Level 2.0 Evocations


You had 7 spell levels left.
You didn't know any spells.
Your spell library was empty.

Dungeon Overview and Level Annotations

Branches:
Dungeon (6/15)             Temple (0/1) D:5

Altars:
Hepliaklqana
Uskayaw

Shops:
D:1 [


Innate Abilities, Weirdness & Mutations

You can breathe blasts of scalding, opaque steam.
Your pale cyan-grey scales are hard. (AC +6)
You cannot fit into any form of body armour.
You are cold-blooded and may be slowed by cold attacks.
You are immune to the effects of steam.
Your body sometimes deteriorates upon taking damage.
You expend magic power (3 MP) to strengthen your wands.


Message History

You feel less confused.
You feel extremely sick.
The gnoll sergeant hits you but does no damage.
The gnoll hits you but does no damage.
The gnoll hits you from afar with a +0 spear of venom.
A sky beast comes into view.
Aiming: Polymorph
Press: ? - help, Shift-Dir - straight line, f - gnoll sergeant
Aim: a gnoll sergeant, wielding a +2 spear of venom, wearing a +0 scale mail and wearing a +0 buckler (will become a sky beast, a jackal, or a water moccasin, chance to affect: 59%)
You feel a surge of power!
The gnoll sergeant evaporates and reforms as a jackal!
You feel extremely sick.
The gnoll hits you but does no damage. x2
You hit the jackal.
You kill the jackal!
Trog accepts your kill.
You feel very sick.
The gnoll hits you from afar with a +0 halberd.
* * * LOW HITPOINT WARNING * * *
The gnoll hits you from afar with a +0 spear of venom.
* * * LOW HITPOINT WARNING * * *
It was a potion of curing.
You feel better. You block the gnoll's attack.
The gnoll hits you but does no damage.
It was a potion of cancellation.
Your magical effects are unravelling.
You feel magically purged.
You feel less wooden.
Your +1 hat unmelds from your body.
Your +0 pair of gloves unmelds from your body.
The gnoll hits you from afar with a +0 halberd!
* * * LOW HITPOINT WARNING * * *
The gnoll misses you.
Okay, then.
Your skin crawls.
You feel strong-willed.
The gnoll hits you from afar with a +0 halberd!
* * * LOW HITPOINT WARNING * * *
Your body deteriorates!
You feel dopey.
The gnoll hits you from afar with a +0 spear of venom.
You die...

....>.. .......
.......
.......#######
........##...##
....Y.)gg.....##
.(......)......#
.......@.....))#
###.......^...<#
##........).##
#.....##...##
#...#########
####


You could see a sky beast and 2 gnolls.

Vanquished Creatures
  Grinder (D:5)
  A shadow (D:5)
  An ice beast (D:5)
  A necrophage (D:5)
  2 centaurs
  A bullfrog (D:5)
  2 scorpions (D:4)
  A water moccasin skeleton (D:5)
  A hound (D:3)
  A jelly (D:4)
  A bullfrog skeleton (D:5)
  2 iguanas (D:4)
  A hound skeleton (D:4)
  A howler monkey zombie (D:5)
  9 adders
  7 gnolls
  A shadow imp (D:5)
  2 worms (D:3)
  5 dart slugs
  An orc (D:4)
  13 ball pythons
  4 bats
  6 endoplasms
  8 giant cockroaches
  7 hobgoblins
  5 jackals
  2 quokkas
  5 frilled lizards
  9 goblins
  5 kobolds
  10 rats
116 creatures vanquished.

Notes
Turn   | Place    | Note
-------+----------+-------------------------------------------
     0 | D:1      | NinjaNoafa the Draconian Berserker began the quest for the
                  | Orb.
     0 | D:1      | Reached XP level 1. HP: 19/19 MP: 1/1
     8 | D:1      | Found Biankypp's Armour Emporium.
   161 | D:1      | Reached XP level 2. HP: 10/26 MP: 2/2
   892 | D:1      | Reached XP level 3. HP: 33/33 MP: 3/3
  1025 | D:1      | Reached ** piety under Trog
  1160 | D:1      | You fall into a shaft and drop 1 floor!
  1265 | D:2      | Reached skill level 4 in Long Blades
  1579 | D:2      | Reached XP level 4. HP: 6/40 MP: 4/4
  1902 | D:2      | Found a faded altar of an unknown god.
  2921 | D:3      | Reached XP level 5. HP: 40/46 MP: 5/5
  2992 | D:3      | Reached *** piety under Trog
  3248 | D:4      | Reached skill level 5 in Long Blades
  3494 | D:4      | Identified the +9 dagger of Fortitude {vorpal, rElec Dex+2}
  3588 | D:4      | Reached skill level 1 in Short Blades
  3588 | D:4      | Reached XP level 6. HP: 49/53 MP: 6/6
  3767 | D:4      | Reached skill level 1 in Stealth
  3886 | D:4      | Found a hazy altar of Hepliaklqana.
  4123 | D:5      | Entered Level 5 of the Dungeon
  4150 | D:5      | Identified the +3 chain mail of the Battered Suns {rPois
                  | Will- MP+9 Int+3}
  4162 | D:5      | Noticed an ice beast
  4177 | D:5      | Killed an ice beast
  4178 | D:5      | Reached skill level 1 in Throwing
  4178 | D:5      | Your scales start taking on a pale cyan-grey colour.
  4178 | D:5      | Reached XP level 7. HP: 38/60 MP: 7/7
  4178 | D:5      | Gained mutation: You are immune to the effects of steam.
                  | [Pale Draconian growth]
  4325 | D:5      | Noticed a shadow
  4337 | D:5      | Killed a shadow
  4494 | D:5      | Noticed Grinder
  4513 | D:5      | Killed Grinder
  4514 | D:5      | Reached skill level 1 in Shields
  4514 | D:5      | Reached skill level 1 in Evocations
  4631 | D:5      | Reached XP level 8. HP: 63/67 MP: 8/8
  4654 | D:5      | Found a hide-covered altar of Uskayaw.
  4763 | D:5      | Found a staircase to the Ecumenical Temple.
  5031 | D:6      | Gained mutation: Your body sometimes deteriorates upon
                  | taking damage. [potion of mutation]
  5031 | D:6      | Gained mutation: You expend magic power (3 MP) to
                  | strengthen your wands. [potion of mutation]
  5038 | D:6      | HP: 1/67 [gnoll/+0 halberd (7)]
  5038 | D:6      | Slain by a gnoll

Illustrated notes

Levels and vault maps discovered:
D:1:      saegor_arrival_simple_b, layout_basic, serial_shops,
          nicolae_shop_competitors_out_of_business, minmay_worlds_worst_comb
D:2:      minmay_evil_eye, layout_basic, basic_ecumenical_altar
D:3:      layout_basic, kennysheep_another_room
D:4:      layout_loops_ring, lemuel_round_altar, minmay_statues_item
D:5:      layout_rooms, nicolae_uskayaw_murder_on_the_dancefloor,
          minmay_temple_entry_nine_rooms, kennysheep_generic_room_7,
          uniq_grinder
D:6:      layout_rooms, portal_sewer_entry_d, uniq_menkaure, uniq_eustachio,
          uniq_sigmund

Skill      XL: |  1  2  3  4  5  6  7  8 |
---------------+-------------------------+-----
Dodging        | 3 4 |  4.8
Long Blades    | 4 5 |  5.1
Fighting       | 4 |  4.5
Short Blades   | 1 3 4 |  4.2
Stealth        | 2 3 4 |  4.1
Throwing       | 1 2 |  2.0
Shields        | 1 2 |  2.2
Evocations     | 1 2 |  2.0

Action                   |  1- 3 |  4- 6 |  7- 9 || total
-------------------------+-------+-------+-------++-------
Melee: Falchion          |   110 |   115 |       ||   225
       Tailslap          |     9 |    14 |     9 ||    32
       Dagger            |       |    37 |    59 ||    96
Throw: Dart              |       |       |     1 ||     1
Invok: Berserk           |       |       |     1 ||     1
       Trog's Hand       |       |       |     1 ||     1
 Abil: Breathe Steam     |       |       |     1 ||     1
Evoke: Wand              |       |       |     1 ||     1
  Use: Potion            |     1 |       |     5 ||     6
       Scroll            |     1 |       |       ||     1
 Stab: Sleeping          |       |     5 |     4 ||     9
Armor: Skin              |    34 |    36 |    27 ||    97
Dodge: Dodged            |   114 |   114 |    50 ||   278
Block: Buckler           |       |    18 |     9 ||    27
